 Dungeon Crawl Stone Soup version 0.28-a0-10-g964c8b829e (webtiles) character file.

Game seed: 4639642596697123241

76 Gwenloh the Covered (level 4, -9/38 HPs)
             Began as a Barachi Fighter on July 25, 2021.
             Was an Initiate of Ru.
             Mangled by an iguana (11 damage)
             ... on level 4 of the Dungeon.
             The game lasted 00:05:08 (1989 turns).

Gwenloh the Covered (Barachi Fighter)               Turns: 1989, Time: 00:05:09

Health: -9/38      AC:  7    Str: 17    XL:     4   Next: 32%
Magic:  4/4        EV:  7    Int:  8    God:    Ru [......]
Gold:   128        SH:  9    Dex: 13    Spells: 3/3 levels left

rFire   . . .      SeeInvis .   a - +0 long sword
rCold   . . .      Faith    .   c - +0 kite shield
rNeg    . . .      Spirit   .   j - +0 scale mail
rPois   .          Reflect  .   (no helmet)
rElec   .          Harm     .   (no cloak)
rCorr   .          Rampage  .   (no gloves)
Will    .....                   (no boots)
Stlth   ..........              (no amulet)
HPRegen 0.12/turn               (no ring)
MPRegen 0.09/turn               (no ring)

@: lethally poisoned (-9 -> -15), slow
A: amphibious, slowness 1, strong legs 1, +LOS
a: Hop, Renounce Religion


You were on level 4 of the Dungeon.
You worshipped Ru.
Ru was noncommittal.
You visited 1 branch of the dungeon, and saw 3 of its levels.

You collected 128 gold pieces.

Inventory:

Hand Weapons
 a - a +0 long sword (weapon)
 b - a +0 vorpal hunting sling
Missiles
 i - 4 poisoned darts (quivered)
 k - 7 boomerangs
 q - 15 bolts
Armour
 c - a +0 kite shield (worn)
 j - a +0 scale mail (worn)
Scrolls
 f - 2 scrolls of identify {unknown}
 g - 2 scrolls of enchant armour {unknown}
 h - a scroll of silence {unknown}
 m - a scroll of holy word {unknown}
 n - a scroll of noise {unknown}
 o - a scroll of fog {unknown}
 p - a scroll of magic mapping {unknown}
Potions
 d - 2 potions of might
 e - a potion of curing {unknown}
 l - 2 potions of attraction {unknown}
 r - a potion of berserk rage {unknown}


   Skills:
 + Level 4.3 Fighting
 + Level 3.4 Long Blades
 + Level 4.4 Armour
 + Level 3.9 Shields


You had 3 spell levels left.
You didn't know any spells.
Your spell library was empty.

Dungeon Overview and Level Annotations

Branches:
Dungeon (2/15)

Altars:
Ru


Innate Abilities, Weirdness & Mutations

You are amphibious.
You cover ground slowly.
You can hop short distances.
You have an extended range of vision and can be seen from far away.


Message History

Found 8 gold pieces, 15 stones and a forked bronze wand.
Found a stone staircase leading up and a stone staircase leading down.
A scorpion and a skeleton come into view.
A kobold comes into view. It is wielding a +0 short sword.
The kobold shouts!
You slash the orc!
You kill the orc!
You block the scorpion's attack.
You barely miss the kobold.
The bullfrog skeleton hits you but does no damage.
The scorpion stings you.
You block the bullfrog skeleton's attack.
The scorpion stings you but does no damage.
The kobold hits you with a +0 short sword.
You slash the kobold!
You kill the kobold!
You block the bullfrog skeleton's attack.
The scorpion stings you.
You block the bullfrog skeleton's attack.
The scorpion barely misses you.
Your shield and scale mail prevent you from hitting the iguana.
The bullfrog skeleton hits you. The iguana bites you.
You block the scorpion's attack. The bullfrog skeleton hits you.
You barely miss the iguana. You block the scorpion's attack.
The iguana barely misses you.
You block the bullfrog skeleton's attack.
The scorpion stings you!
* * * LOW HITPOINT WARNING * * *
You are lethally poisoned!
The scorpion poisons you!
The iguana bites you but does no damage.
The bullfrog skeleton hits you but does no damage.
You hit the iguana.
The iguana is lightly wounded.
* * * LOW HITPOINT WARNING * * *
You feel very sick. You block the scorpion's attack.
The bullfrog skeleton hits you.
* * * LOW HITPOINT WARNING * * *
The iguana bites you!
You die...

#. ######+# #.#
#....#.#####..#
#../.........#
#...........#
#...........#
#...........#
#.$..#Z.....#
#....l@s....#
#..(...#.######
#.......>.
#....######
#... ###


You could see a scorpion, an iguana and a bullfrog skeleton.

Vanquished Creatures
  2 adders (D:2)
  A worm (D:2)
  A dart slug (D:2)
  An orc (D:4)
  2 bats (D:1)
  3 endoplasms
  A giant cockroach (D:2)
  3 goblins
  5 hobgoblins
  6 jackals (D:2)
  3 quokkas (D:1)
  6 ball pythons
  4 frilled lizards
  7 kobolds
  5 rats
50 creatures vanquished.

Vanquished Creatures (others)
  A plant (D:1)
1 creature vanquished.

Grand Total: 51 creatures vanquished

Notes
Turn   | Place    | Note
-------+----------+-------------------------------------------
     0 | D:1      | Gwenloh the Barachi Fighter began the quest for the Orb.
     0 | D:1      | Reached XP level 1. HP: 18/18 MP: 1/1
   330 | D:1      | Reached XP level 2. HP: 21/25 MP: 2/2
   716 | D:1      | Found a faded altar of an unknown god.
   725 | D:1      | Became a worshipper of Ru the Awakened
   879 | D:1      | Reached XP level 3. HP: 23/30 MP: 3/3
  1656 | D:2      | Reached XP level 4. HP: 29/37 MP: 4/4
  1982 | D:2      | You fall into a shaft and drop 2 floors!
  1983 | D:4      | Noticed a scorpion
  1989 | D:4      | Mangled by an iguana

Illustrated notes

Levels and vault maps discovered:
D:1:      sevenhm_arrival_forest_fort_small_5, layout_basic, serial_forest,
          infiniplex_forest_pool, infiniplex_forest_side_room,
          infiniplex_forest_straight_2, infiniplex_forest_straight_4,
          infiniplex_forest_corner_1, infiniplex_forest_lined_room_3,
          infiniplex_forest_straight_3, basic_ecumenical_altar
D:2:      layout_basic
D:4:      layout_basic, mainiacjoe_overflow_paths, ebering_ghost_sewer_d

Skill      XL: |  1  2  3 |
---------------+----------+-----
Armour         | 4 |  4.4
Fighting       | 4 |  4.3
Long Blades    | 3 |  3.4
Shields        | |  3.9

Action                   |  1- 3 |  4- 6 || total
-------------------------+-------+-------++-------
Melee: Long sword        |   121 |    13 ||   134
Throw: Dart              |    24 |     2 ||    26
       Boomerang         |     2 |     6 ||     8
Invok: Reject Sacrifices |     1 |       ||     1
Armor: Scale mail        |    50 |     6 ||    56
Dodge: Dodged            |    31 |     2 ||    33
Block: Kite shield       |    59 |    11 ||    70
       Rpst.: Long sword |     7 |       ||     7

Table legend: (Time is in decaauts)
 A = Elapsed time spent in this place.
 B = Non-inter-level travel time spent in this place.
 C = Inter-level travel time spent in this place.
 D = Time resting spent in this place.
 E = Time spent auto-exploring this place.
 F = Levels seen in this place.
 G = Mean time per level.
                   A        B        C        D        E       F      G
               +--------+--------+--------+--------+--------+-----+--------+
         Total |   2285 |   2185 |    100 |     78 |   1681 |   3 |  761.7 |
       Dungeon |   2285 |   2185 |    100 |     78 |   1681 |   3 |  761.7 |
               +--------+--------+--------+--------+--------+-----+--------+

Top non-repeatable levels by time:
     D:1: 1577 daAuts
     D:2: 698 daAuts
     D:4: 9 daAuts
